 Dungeon Crawl Stone Soup version 0.25-a0-731-g0472a16d6a (webtiles) character file.

Game seed: 14671272860941869082, levelgen mode: deterministic

10425 kae the Grappler (level 11, -5/92 HPs)
             Began as a Grey Draconian Transmuter on Apr 8, 2020.
             Was a Priest of Wu Jian.
             Slain by a warg (18 damage)
             ... on level 10 of the Dungeon.
             The game lasted 00:12:53 (13321 turns).

kae the Grappler (Grey Draconian Transmuter)       Turns: 13321, Time: 00:12:54

Health: -5/92      AC:  6    Str: 16    XL:     11   Next: 36%
Magic:  13/23      EV: 10    Int: 13    God:    Wu Jian [***...]
Gold:   663        SH:  5    Dex: 12    Spells: 12/27 levels left

rFire    x . .     SeeInvis .     - Unarmed
rCold    + + +     Gourm    .   (shield currently unavailable)
rNeg     . . .     Faith    .   (armour unavailable)
rPois    +         Spirit   .   (helmet currently unavailable)
rElec    .         Reflect  +   (cloak currently unavailable)
rCorr    .         Harm     .   (gloves currently unavailable)
MR       .....                  (boots currently unavailable)
Stlth    ++........             n - +5 amulet of reflection
HPRegen  0.25/turn              w - ring of stealth
MPRegen  0.18/turn              t - ring of poison resistance

@: ice-form, very slightly contaminated
A: large, (walk through water), unfitting armour, AC +12
a: End Transformation, Wall Jump, Serpent's Lash, Renounce Religion


You were on level 10 of the Dungeon.
You worshipped Wu Jian.
Wu Jian was most pleased with you.
You were very hungry.
You were a creature of crystalline ice.
You visited 2 branches of the dungeon, and saw 11 of its levels.
You also visited: Ossuary.

You collected 663 gold pieces.

Inventory:

Missiles
 a - 207 arrows
Armour
 h - a +2 pair of gloves (melded)
Jewellery
 f - an uncursed ring of see invisible {unknown}
 n - a +5 amulet of reflection (around neck)
 t - a ring of poison resistance (right front paw)
 w - a ring of stealth (left front paw)
 y - an uncursed amulet of regeneration
Wands
 d - a wand of iceblast (15)
 m - a wand of clouds (4)
 p - a wand of acid (5)
 z - a wand of disintegration (10)
 B - a wand of random effects (36)
 C - a wand of digging (7)
Scrolls
 e - 4 scrolls of teleportation
 i - 3 scrolls of amnesia
 k - 4 scrolls of enchant armour
 u - a scroll of enchant weapon
 A - a scroll of magic mapping
 F - a scroll of fog
Potions
 b - 3 potions of flight
 g - 2 potions of stabbing
 j - 2 potions of lignification
 l - a potion of heal wounds
 o - 2 potions of curing
 q - a potion of magic
 r - 2 potions of haste
 s - 2 potions of cancellation
 v - a potion of mutation
 x - a potion of berserk rage {unknown}
 D - a potion of brilliance {unknown}
Comestibles
 c - 13 rations


   Skills:
 - Level 1.1 Fighting
 - Level 1.7 Dodging
 * Level 12.8 Unarmed Combat
 + Level 8.5 Spellcasting
 + Level 9.3 Transmutations


You had 12 spell levels left.
You knew the following spells:

 Your Spells              Type           Power        Failure   Level  Hunger
a - Beastly Appendage     Tmut           ####..       1%          1    None
b - Sticks to Snakes      Tmut           ####....     1%          2    None
c - Spider Form           Tmut/Pois      ###.......   6%          3    ##.....
d - Ice Form              Ice/Tmut       ###.....     19%         4    ####...
e - Blade Hands           Tmut           ####......   8%          5    #####..

Your spell library contained the following spells:

 Spells                   Type           Power        Failure   Level  Hunger
 Magic Dart               Conj           #...         13%         1    None
 Blink                    Tloc           N/A          21%         2    None
 Call Imp                 Summ           #.......     21%         2    None
 Slow                     Hex            #.......     21%         2    None
 Conjure Flame            Conj/Fire      #.......     36%         3    ##.....
 Mephitic Cloud           Conj/Pois/Air  #.......     36%         3    ##.....


Dungeon Overview and Level Annotations

Branches:
Dungeon (10/15)            Temple (1/1) D:5            Lair (0/6) D:9
Ossuary (visited)
    Orc: D:9-12

Altars:
Ashenzari
Cheibriados
Dithmenos
Elyvilon
Fedhas
Gozag
Hepliaklqana
Kikubaaqudgha
Makhleb
Nemelex Xobeh
Okawaru
Qazlal
Ru
Sif Muna
Trog
Uskayaw
Vehumet
Wu Jian
Xom
Yredelemnul
Zin
The Shining One

Shops:
D:4 [   D:8 }   D:9 (

Annotations:
D:5 2 transporters
D:8 4 runed translucent doors


Innate Abilities, Weirdness & Mutations

((You can walk through water.))
((Your dull iron-grey scales are very hard. (AC +12)))
You cannot fit into any form of body armour.
((You can survive without breathing.))
((You are cold-blooded and may be slowed by cold attacks.))


Message History

You block the warg's attack. The orc hits you but does no damage.
The warg closely misses you. The orc warrior misses you.
You hit the warg but do no damage.
The warg is severely wounded.
The warg closely misses you. The warg barely misses you. The orc misses you.
You barely miss the warg.
The warg is severely wounded.
You block the warg's attack.
The orc warrior hits you from afar with a +0 trident!!
The warg bites you!
* * * LOW HITPOINT WARNING * * *
You hit the warg. You freeze the warg.
The warg is almost dead.
The warg bites you!
* * * LOW HITPOINT WARNING * * *
The orc hits you with a +0 flail.
* * * LOW HITPOINT WARNING * * *
The orc warrior hits you but does no damage.
The warg bites you!!
You die...

###.............####
#..................##
#.≈≈≈≈≈≈≈≈≈≈≈≈≈≈≈≈..#
#.≈##############≈..###
#######.≈#)..(#..#?..)#≈....###
........≈#....#..#....#≈......#
........≈#.h..).ooo...#≈......#
..).....≈# #ho# #≈......#
........≈# #hY# #≈.....†#
........≈######''######≈.(....###
........≈≈≈≈≈≈≈..≈≈≈≈≈≈≈........#
####............................#
...#...........######...........#
...#.............. ............#
...#............... ............#
####................ .##++####..#
..........########## #..#


You could see 2 wargs, an orc warrior and 2 orcs.

Vanquished Creatures
  Harold (D:7)
  Pikel (D:7)
  Maggie (D:7)
  2 gargoyles (D:10)
  2 trolls
  2 hippogriffs
  A spriggan (D:7)
  A wraith (D:10)
  5 yaks (D:9)
  A hungry ghost (D:9)
  A warg (D:10)
  Duvessa (D:6)
  4 water moccasins
  4 orc warriors
  2 slaves (D:6)
  An eye of draining (D:10)
  An ice beast (D:10)
  A phantom (D:10)
  2 sky beasts
  6 ogres
  5 wolves
  6 centaurs
  A big kobold (D:7)
  5 bullfrogs
  4 water moccasin zombies (Ossuary)
  Dowan (D:6)
  A wyvern skeleton (D:10)
  5 scorpions
  13 killer bees
  2 howler monkeys
  2 electric eels (D:9)
  5 jellies
  5 crimson imps
  A bullfrog zombie (D:7)
  2 centaur zombies (D:10)
  A bullfrog skeleton (D:4)
  7 hounds
  2 orc priests
  Ijyb (D:3)
  3 iguanas
  7 orc wizards
  5 worker ants
  5 big kobold zombies (Ossuary)
  2 hound skeletons
  3 mummies
  3 gnolls (D:7)
  15 adders
  4 adder zombies (Ossuary)
  5 worms
  A dart slug (D:2)
  6 leopard geckos
  32 orcs
  A ball python (D:2)
  A bat zombie (D:2)
  4 giant cockroaches
  2 gnoll zombies (Ossuary)
  4 goblins
  11 hobgoblins
  9 jackals
  2 quokkas
  5 bats
  3 frilled lizards
  5 hobgoblin zombies
  14 kobolds
  9 kobold zombies
  7 orc zombies (Ossuary)
  A quokka skeleton (D:9)
  A quokka zombie (D:6)
  4 rats
283 creatures vanquished.

Vanquished Creatures (others)
  A centaur (D:10)
  A goblin (D:3)
  3 fungi (D:4)
5 creatures vanquished.

Grand Total: 288 creatures vanquished

Notes
Turn   | Place    | Note
-------+----------+-------------------------------------------
     0 | D:1      | kae the Draconian Transmuter began the quest for the Orb.
     0 | D:1      | Reached XP level 1. HP: 16/16 MP: 3/3
   244 | D:1      | Reached XP level 2. HP: 5/23 MP: 3/5
  1208 | D:2      | Reached XP level 3. HP: 28/28 MP: 4/6
  1230 | D:1      | Learned a level 2 spell: Sticks to Snakes
  1234 | D:1      | Learned a level 3 spell: Spider Form
  1429 | D:2      | Reached skill level 4 in Unarmed Combat
  1486 | D:2      | Reached XP level 4. HP: 35/35 MP: 3/7
  1558 | D:2      | Found a blossoming altar of Fedhas.
  1710 | D:2      | Found an ancient bone altar of Kikubaaqudgha.
  1857 | D:3      | Found a shimmering altar of Xom.
  1929 | D:3      | Found a burning altar of Makhleb.
  1939 | D:3      | Found a radiant altar of Vehumet.
  2011 | D:3      | Found a shimmering altar of Xom.
  2011 | D:3      | Found a shimmering altar of Xom.
  2013 | D:3      | Found a shimmering altar of Xom.
  2014 | D:3      | Found a shimmering altar of Xom.
  2021 | D:3      | Noticed Ijyb
  2047 | D:3      | Killed Ijyb
  2047 | D:3      | Reached XP level 5. HP: 35/40 MP: 5/9
  2161 | D:3      | Reached skill level 5 in Unarmed Combat
  2363 | D:3      | Found a stormy altar of Qazlal.
  2701 | D:3      | Found a sacrificial altar of Ru.
  2770 | D:4      | Noticed a water moccasin
  2780 | D:4      | Killed a water moccasin
  2780 | D:4      | Reached XP level 6. HP: 15/47 MP: 3/11
  2895 | D:4      | Found Oskus's Armour Shop.
  2917 | D:4      | Found a sand-covered staircase.
  2946 | Ossuary  | Entered an ossuary
  3286 | Ossuary  | Reached skill level 6 in Unarmed Combat
  3377 | Ossuary  | Your scales start taking on a dull iron-grey colour.
  3377 | Ossuary  | Reached XP level 7. HP: 48/52 MP: 10/12
  3377 | Ossuary  | Gained mutation: You can survive without breathing. [Grey
                  | Draconian growth]
  3501 | Ossuary  | Learned a level 4 spell: Ice Form
  4360 | D:4      | Found a shattered altar of Ashenzari.
  4364 | D:4      | Saw a vision of the Swamp and the Snake Pit.
  4364 | D:4      | Noticed an alligator
  4364 | D:4      | Noticed a naga warrior
  4364 | D:4      | Noticed a naga mage
  4364 | D:4      | Noticed a naga ritualist
  4364 | D:4      | Noticed a black mamba
  4364 | D:4      | Noticed a naga mage
  4364 | D:4      | Noticed a naga warrior
  4366 | D:4      | Noticed a naga warrior
  4366 | D:4      | Noticed a naga sharpshooter
  4416 | D:4      | Found Oskus's Armour Shop.
  4432 | D:4      | Reached skill level 7 in Unarmed Combat
  5042 | D:4      | Found a shattered altar of Ashenzari.
  5120 | D:5      | Entered Level 5 of the Dungeon
  5137 | D:5      | Found a staircase to the Ecumenical Temple.
  5163 | Temple   | Entered the Ecumenical Temple
  5282 | Temple   | Became a worshipper of the Wu Jian Council
  5329 | D:5      | Reached skill level 5 in Transmutations
  5329 | D:5      | Reached XP level 8. HP: 23/59 MP: 8/14
  5705 | D:5      | Found a transporter.
  5912 | D:5      | Found a transporter.
  5934 | D:5      | Found an iron altar of Okawaru.
  6056 | D:5      | Reached skill level 8 in Unarmed Combat
  6056 | D:5      | Reached skill level 5 in Spellcasting
  6072 | D:5      | Found a hide-covered altar of Uskayaw.
  6072 | D:5      | Found a shimmering blue altar of Sif Muna.
  6479 | D:6      | Found a stormy altar of Qazlal.
  6489 | D:6      | Reached * piety under Wu Jian
  7013 | D:6      | Noticed Duvessa
  7015 | D:6      | Noticed Dowan
  7030 | D:6      | Killed Duvessa
  7036 | D:6      | Killed Dowan
  7036 | D:6      | Reached skill level 9 in Unarmed Combat
  7036 | D:6      | Reached XP level 9. HP: 32/64 MP: 15/17
  7563 | D:7      | Noticed Harold
  7833 | D:7      | Noticed Pikel
  8015 | D:7      | Noticed Maggie
  8225 | D:7      | Learned a level 5 spell: Blade Hands
  8565 | D:7      | Killed Maggie
  8579 | D:7      | Killed Harold
  8579 | D:7      | Reached skill level 10 in Unarmed Combat
  9046 | D:7      | Found a hazy altar of Hepliaklqana.
  9055 | D:7      | Reached XP level 10. HP: 52/71 MP: 11/20
  9212 | D:7      | Killed Pikel
  9561 | D:8      | Found a huge runed translucent gate.
  9562 | D:8      | Noticed a manticore
  9563 | D:8      | Found a huge runed translucent gate.
  9563 | D:8      | Found a huge runed translucent gate.
  9563 | D:8      | Found a huge runed translucent gate.
  9585 | D:8      | Found Xesouled's Gadget Shop.
  9978 | D:8      | Reached skill level 11 in Unarmed Combat
 10739 | D:9      | Reached ** piety under Wu Jian
 11090 | D:9      | Found a staircase to the Lair.
 11180 | D:9      | Found Waerr's Antique Weapon Boutique.
 11334 | D:9      | Reached skill level 12 in Unarmed Combat
 11835 | D:10     | Entered Level 10 of the Dungeon
 11938 | D:10     | Noticed a gargoyle
 11949 | D:9      | Reached XP level 11. HP: 32/77 MP: 15/23
 12474 | D:10     | Reached *** piety under Wu Jian
 13321 | D:10     | Slain by a warg

Levels and vault maps discovered:
D:1:      eino_arrival_cavern_c, layout_basic
D:2:      layout_rooms, lemuel_round_altar, lemuel_zombie_altar_kikubaaqudgha
D:3:      layout_rooms, grunt_temple_overflow_lords_of_destruction,
          xom_redecorated, lemuel_doored_altar, nicolae_ru_awakened_eye,
          uniq_ijyb
D:4:      layout_loops_ring, nicolae_ossuary_entry_giza, first_ration,
          serial_shops, nicolae_shop_stone, grunt_ministairs_7,
          grunt_ashenzari_visionary [grunt_ashenzari_visionary_swamp,
          grunt_ashenzari_visionary_snake]
D:5:      gammafunk_cloud_chamber, layout_basic, okawaru_gym_becter,
          gammafunk_temple_overflow_elements, minmay_temple_entry_purple_smoke
D:6:      layout_basic, hangedman_abyss_or_decor_lesser_grid,
          grunt_qazlal_sundering, uniq_duvessa
D:7:      layout_rooms, kennysheep_mini, the_bakery, uniq_harold, uniq_pikel,
          uniq_maggie
D:8:      lemuel_bear_cage, layout_basic, serial_shops, shop
D:9:      layout_loops_ring, erik_lair_island, serial_shops,
          nicolae_shop_crystal
D:10:     layout_irregular_city, serial_column_ruins, column_ruins_hut,
          column_ruins_square_large, column_ruins_open_tiny,
          column_ruins_columns_straight, column_ruins_open_small,
          column_ruins_open_tiny, column_ruins_grid_1, nooodl_orcs_dogs
Temple:   jpeg_temple_clearing

Skill      XL: |  1  2  3  4  5  6  7  8  9 10 11 |
---------------+----------------------------------+-----
Unarmed Combat | 4 5 6 7 9 10 12 | 12.8
Transmutations | 3 4 5 6 7 8 9 |  9.3
Spellcasting   | 3 4 5 6 8 |  8.5
Fighting       | |  1.1
Dodging        | |  1.7

Action                   |  1- 3 |  4- 6 |  7- 9 | 10-12 || total
-------------------------+-------+-------+-------+-------++-------
Melee: Unarmed           |   116 |   256 |   381 |   310 ||  1063
       Tailslap          |     9 |    16 |    21 |    13 ||    59
       Kick              |    13 |     2 |     3 |       ||    18
       Headbutt          |     2 |     3 |    11 |       ||    16
       Punch             |       |     3 |     3 |     8 ||    14
 Cast: Beastly Appendage |    17 |    16 |    10 |       ||    43
       Spider Form       |     2 |    14 |    30 |     1 ||    47
       Blade Hands       |       |       |     2 |    14 ||    16
       Ice Form          |       |       |     1 |    10 ||    11
Invok: Lunge             |       |       |    13 |    27 ||    40
       Whirlwind         |       |       |     6 |    35 ||    41
 Abil: End Transformatio |       |       |       |     1 ||     1
  Use: Scroll            |     3 |     5 |     8 |     5 ||    21
       Potion            |       |     2 |       |     1 ||     3
 Stab: Sleeping          |       |     2 |     1 |       ||     3
  Eat: Chunk             |     2 |     8 |    10 |    13 ||    33
       Ration            |       |       |     4 |     2 ||     6
Armor: Skin              |    35 |    46 |    65 |    94 ||   240
Dodge: Dodged            |    85 |   130 |   211 |   187 ||   613
Block: Other             |       |    16 |    70 |    63 ||   149
       Reflection        |       |       |       |     4 ||     4

Table legend:
 A = Non-vault XP
 B = Vault XP
 C = Vault XP percentage of total XP
 D = Non-vault monster count
 E = Vault monster count
 F = Vault count percentage of total count
                 A         B        C        D         E       F
            +---------+---------+-------+---------+---------+-------
      Total |   10525 |    4369 |  29.3 |     221 |      61 |  21.6
            +---------+---------+-------+---------+---------+-------
        D:1 |      53 |       0 |   0.0 |      24 |       0 |   0.0
        D:2 |     115 |       2 |   1.7 |      21 |       1 |   4.5
        D:3 |     119 |      84 |  41.4 |      24 |       2 |   7.7
        D:4 |     453 |      53 |  10.5 |      18 |       4 |  18.2
        D:5 |     613 |       0 |   0.0 |      19 |       0 |   0.0
        D:6 |     785 |     223 |  22.1 |      15 |       2 |  11.8
        D:7 |     900 |    2242 |  71.4 |      21 |       4 |  16.0
        D:8 |     430 |     345 |  44.5 |       6 |       3 |  33.3
        D:9 |    3432 |     694 |  16.8 |      43 |       6 |  12.2
       D:10 |    3625 |     203 |   5.3 |      30 |       3 |   9.1
    Ossuary |       0 |     523 | 100.0 |       0 |      36 | 100.0
            +---------+---------+-------+---------+---------+-------
